 Dungeon Crawl Stone Soup version 0.29.1-13-g9f3cf754e1 (webtiles) character file.

Game seed: 11291437859009836351

429 bjubeck the Trooper (level 6, 0/56 HPs)
             Began as a Minotaur Fighter on Feb 1, 2023.
             Killed by divine providence
             ... invoked by an orc priest
              (14 damage)
             ... on level 4 of the Dungeon on Feb 2, 2023.
             The game lasted 00:09:05 (3120 turns).

bjubeck the Trooper (Minotaur Fighter)              Turns: 3120, Time: 00:09:06

Health: 0/56       AC:  8    Str: 22    XL:     6   Next: 66%
Magic:  5/5        EV:  9    Int:  5    God:
Gold:   132        SH: 10    Dex: 10    Spells: 5/5 levels left

rFire   . . .      SeeInvis .   a - +0 war axe
rCold   . . .      Faith    .   c - +0 buckler
rNeg    . . .      Spirit   .   b - +0 scale mail
rPois   .          Reflect  +   (helmet restricted)
rElec   .          Harm     .   (no cloak)
rCorr   .          Rampage  .   (no gloves)
Will    .....                   e - +0 pair of boots
Stlth   ..........              h - amulet of reflection
HPRegen 0.18/turn               (no ring)
MPRegen 0.09/turn               (no ring)

@: no status effects
A: horns 2, retaliatory headbutt
a: no special abilities


You were on level 4 of the Dungeon.
You visited 2 branches of the dungeon, and saw 5 of its levels.

You collected 132 gold pieces.

Inventory:

Hand Weapons
 a - a +0 war axe (weapon)
Armour
 b - a +0 scale mail (worn)
 c - a +0 buckler (worn)
 e - a +0 pair of boots (worn)
Jewellery
 h - an amulet of reflection (around neck)
 p - an amulet of the acrobat
Scrolls
 g - 2 scrolls of silence {unknown}
 i - a scroll of fog {unknown}
 k - a scroll of magic mapping {unknown}
 l - a scroll of identify {unknown}
 m - a scroll of teleportation {unknown}
 n - 4 scrolls of blinking {unknown}
 o - 2 scrolls of enchant armour {unknown}
 r - a scroll of vulnerability {unknown}
Potions
 d - 2 potions of might
 f - 3 potions of haste {unknown}
 j - 3 potions of lignification {unknown}
 q - a potion of cancellation {unknown}
 s - 2 potions of curing {unknown}
 t - a potion of ambrosia {unknown}


   Skills:
 + Level 5.5 Fighting
 + Level 4.7 Axes
 + Level 5.5 Armour
 + Level 5.5 Shields


You had 5 spell levels left.
You didn't know any spells.
Your spell library contained the following spells:

 Spells                   Type           Power      Damage    Failure   Level
 Passage of Golubria      Tloc           0%         N/A       100%        4
 Silence                  Hex/Air        0%         N/A       100%        5
 Lehudib's Crystal Spear  Conj/Erth      0%         10d2      100%        8


Dungeon Overview and Level Annotations

Branches:
Dungeon (4/15)             Temple (1/1) D:4

Altars:
Ashenzari
Cheibriados
Dithmenos
Elyvilon
Gozag
Hepliaklqana
Kikubaaqudgha
Okawaru
Qazlal
Sif Muna
Uskayaw
Wu Jian
Zin


Innate Abilities, Weirdness & Mutations

You have a pair of horns on your head.
You reflexively headbutt those who attack you in melee.


Message History

An orc priest is nearby!
A gnoll comes into view. It is wielding a +0 club.
The gnoll shouts!
You hear a shout!
A gnoll comes into view. It is wielding a +0 flail.
The gnoll shouts!
A giant cockroach comes into view.
The orc priest barely misses you.
You barely miss the orc priest. You headbutt the orc priest!
The orc priest is heavily wounded.
The orc priest mumbles some strange prayers to Beogh against you.
Pain shoots through your body!
A gnoll comes into view. It is wielding a +0 spear.
You hit the orc priest. You headbutt the orc priest.
You kill the orc priest!
You block the giant cockroach's attack.
You hit the giant cockroach.
Your headbutt misses the giant cockroach.
The giant cockroach is severely wounded.
The giant cockroach bites you but does no damage.
The orc priest invokes the aid of Beogh against you.
Beogh smites you!
You hit the giant cockroach.
You kill the giant cockroach!
You barely miss the gnoll. Your headbutt misses the gnoll.
You block the gnoll's attack.
You hit the gnoll. You headbutt the gnoll.
The gnoll is heavily wounded.
The orc priest invokes the aid of Beogh against you.
Beogh smites you!
The gnoll hits you from afar with a +0 spear.
* * * LOW HITPOINT WARNING * * *
You block the gnoll's attack. x2; The gnoll hits you but does no damage.
You hit the gnoll.
You kill the gnoll!
You block the gnoll's attack.
You closely miss the orc priest.
The orc priest shouts!
The orc priest mumbles some strange prayers to Beogh against you.
Beogh smites you!
You die...

#.##
##.#.###...#
##.###.##.#
#.###
##...###.#
#.# ##.##
#.# #.# #.#
#.# #.# #.#
#.###.# #.#
#...#.# #<#
###.#.# #.#
#@#.# #.#
#o# ...


g.o ##.#. ..#.. .## ## . #. You could see 2 orc priests and a gnoll.

Vanquished Creatures
  Sigmund (D:2)
  A scorpion (D:4)
  A hound (D:3)
  An orc priest (D:4)
  An orc wizard (D:3)
  3 adders (D:3)
  4 gnolls
  2 worms (D:3)
  A dart slug (D:2)
  4 orcs (D:3)
  7 ball pythons
  6 endoplasms
  4 giant cockroaches
  2 goblins
  5 hobgoblins
  2 quokkas (D:3)
  4 bats
  2 frilled lizards (D:1)
  5 kobolds
  5 rats
61 creatures vanquished.

Notes
Turn   | Place    | Note
-------+----------+-------------------------------------------
     0 | D:1      | bjubeck the Minotaur Fighter began the quest for the Orb.
     0 | D:1      | Reached XP level 1. HP: 19/19 MP: 0/0
    95 | D:1      | Reached XP level 2. HP: 18/27 MP: 1/1
   273 | D:1      | Found a faded altar of an unknown god.
   799 | D:2      | Noticed Sigmund
   808 | D:2      | Killed Sigmund
   809 | D:2      | Reached XP level 3. HP: 24/35 MP: 2/2
   809 | D:2      | Reached XP level 4. HP: 29/41 MP: 3/3
   809 | D:2      | Reached XP level 5. HP: 33/47 MP: 4/4
  1033 | D:2      | Found a shadowy altar of Dithmenos.
  1342 | D:3      | Found a hide-covered altar of Uskayaw.
  1342 | D:3      | Found an opulent altar of Gozag.
  1474 | D:3      | Reached skill level 5 in Fighting
  1597 | D:3      | Found a snail-covered altar of Cheibriados.
  1724 | D:3      | Reached skill level 5 in Armour
  1724 | D:3      | Reached skill level 5 in Shields
  1997 | D:3      | Found a white marble altar of Elyvilon.
  2057 | D:3      | Reached XP level 6. HP: 56/56 MP: 5/5
  2778 | D:4      | Found a staircase to the Ecumenical Temple.
  2787 | Temple   | Entered the Ecumenical Temple
  3120 | D:4      | Killed from afar by an orc priest

Illustrated notes

Levels and vault maps discovered:
D:1:      lightli_arrival_flooded_house, layout_rooms,
          ebering_ecumenical_altar_hall, nicolae_eternal_life, chequers_avenue
D:2:      layout_rooms, basic_altar, uniq_sigmund
D:3:      layout_basic, nicolae_elyvilon_peaceful_grove,
          cheibrodos_worm_habitat, chequers_temple_overflow_statue_of_worship,
          solitary_fountain
D:4:      layout_loops_ring, minitemple, minmay_temple_entry_poolview,
          serial_shops, shop, st_stairs_2, minmay_ruptured
Temple:   hellmonk_temple_beads

Skill      XL: |  1  2  3  4  5 |
---------------+----------------+-----
Fighting       | 4 5 |  5.5
Shields        | 4 5 |  5.5
Axes           | 3 4 |  4.7
Armour         | 4 5 |  5.5

Action                   |  1- 3 |  4- 6 || total
-------------------------+-------+-------++-------
Melee: War axe           |    43 |    97 ||   140
       Headbutt          |     7 |    17 ||    24
Armor: Scale mail        |    20 |    34 ||    54
Dodge: Dodged            |    29 |    27 ||    56
Block: Buckler           |    16 |    49 ||    65
       Reflection        |     1 |       ||     1
